 Dungeon Crawl Stone Soup version 0.28.0-43-g3370ac3207 (webtiles) character file.

Game seed: 5906415182871588630

2681 croobank the Arsonist (level 9, -4/50 HPs)
             Began as an Octopode Transmuter on Feb 28, 2022.
             Was a Follower of Hepliaklqana.
             Slain by Duvessa
             ... wielding a +0 short sword
              (15 damage)
             ... on level 7 of the Dungeon.
             The game lasted 00:28:15 (8097 turns).

croobank the Arsonist (Octopode Transmuter)         Turns: 8097, Time: 00:28:15

Health: -4/50      AC:  3    Str: 11    XL:     9   Next: 64%
Magic:  0/14       EV: 14    Int: 21    God:    Hepliaklqana [*.....]
Gold:   193        SH:  0    Dex: 13    Spells: 0/14 levels left

rFire   x . .      SeeInvis .   a - +7 whip of the Unstoppable Mice {vorpal, rF- rCorr Int+2}
rCold   + . .      Faith    .   (no shield)
rNeg    + . .      Spirit   +   (helmet currently unavailable)
rPois   .          Reflect  .   g - amulet of guardian spirit
rElec   .          Harm     .   h - ring of wizardry
rCorr   +          Rampage  .   G - ring of protection from cold
Will    .....                   p - ring of wizardry
Stlth   ++........              B - ring of positive energy
HPRegen 0.16/turn               (no ring)
MPRegen 0.14/turn               (no ring)
                                (no ring)
                                (no ring)

@: appendages, very slightly contaminated, invisible
A: tentacle spike 3, reduced essence, almost no armour, amphibious, 8 rings,
camouflage 1, gelatinous body 1, (nimble swimmer 1), tentacles, fangs 1,
iridescent scales 1, clever 1
a: End Transformation, Renounce Religion, Recall Ancestor, Ancestor Identity


You were on level 7 of the Dungeon.
You worshipped Hepliaklqana.
Hepliaklqana was aware of your devotion.
One of your tentacles had grown a beastly spike.
You visited 2 branches of the dungeon, and saw 8 of its levels.
You also visited: Sewer.

You collected 305 gold pieces.
You spent 112 gold pieces at shops.

Inventory:

Hand Weapons
 a - the +7 whip of the Unstoppable Mice (weapon) {vorpal, rF- rCorr Int+2}
   (You found it on level 2 of the Dungeon)

   It inflicts extra damage upon your enemies.
   Int:       It affects your intelligence (+2).
   rF:        It makes you vulnerable to fire.
   rCorr:     It protects you from acid and corrosion.
 b - a +0 arbalest
 l - a +2 mace of flaming
 n - a +1 dagger of speed
 o - a +2 dagger of flaming
 v - a +1 dagger of freezing
Missiles
 f - 144 stones
 j - 18 boomerangs
 t - 122 arrows
 x - 71 bolts
 E - 18 sling bullets
Magical Staves
 y - a staff of fire
Jewellery
 g - an amulet of guardian spirit (around mantle)
 h - a ring of wizardry (left tentacle)
 p - a ring of wizardry (on tentacle)
 w - an amulet of the acrobat
 B - a ring of positive energy (on tentacle)
 G - a ring of protection from cold (right tentacle)
Wands
 d - a wand of flame (2)
Scrolls
 c - 3 scrolls of teleportation
 e - 2 scrolls of noise
 s - 2 scrolls of fog
 C - a scroll of amnesia
 H - a scroll of enchant armour
 I - a scroll of magic mapping
Potions
 i - a potion of magic
 k - a potion of invisibility
 m - 2 potions of ambrosia
 q - 2 potions of mutation
 r - a potion of curing {unknown}
 u - a potion of haste {unknown}
 z - 2 potions of cancellation {unknown}
 A - 2 potions of degeneration {unknown}
 D - a potion of flight {unknown}
 F - a potion of attraction {unknown}


   Skills:
 - Level 3.1 Fighting
 - Level 2.2 Maces & Flails
 - Level 3.6 Dodging
 - Level 3.4 Unarmed Combat
 - Level 3.3 Spellcasting
 - Level 3.6 Transmutations
 + Level 10.1 Fire Magic
 - Level 3.5 Ice Magic


You couldn't memorise any spells.
You knew the following spells:

 Your Spells              Type           Power      Damage    Failure   Level
a - Beastly Appendage     Tmut           36%        N/A       1%          1
b - Wereblood             Tmut           18%        N/A       1%          2
c - Ice Form              Ice/Tmut       18%        N/A       8%          4
d - Foxfire               Conj/Fire      96%        2x1d8     1%          1
e - Flame Wave            Conj/Fire      24%        2d7       4%          4
f - Poisonous Vapours     Pois/Air       6%         N/A       5%          2

Your spell library contained the following spells:

 Spells                   Type           Power      Damage    Failure   Level
 Conjure Flame            Conj/Fire      24%        6-21      1%          3
 Inner Flame              Hex/Fire       24%        N/A       1%          3
 Corpse Rot               Necr/Air       6%         N/A       5%          2
 Spider Form              Tmut/Pois      11%        N/A       5%          3


Dungeon Overview and Level Annotations

Branches:
Dungeon (7/15)             Temple (1/1) D:6           Sewer (visited)

Altars:
Ashenzari
Cheibriados
Dithmenos
Elyvilon
Fedhas
Gozag
Hepliaklqana
Makhleb
Nemelex Xobeh
Okawaru
Qazlal
Ru
Sif Muna
Trog
Uskayaw
Vehumet
Wu Jian
Xom
Yredelemnul
Zin
The Shining One

Shops:
D:4 ::[   D:5 (?=[

Portals:
Abyss: D:4

Annotations:
D:4 2 transporters, GamerJuice's ghost, amateur HOFi
D:7 Duvessa


Innate Abilities, Weirdness & Mutations

One of your tentacles has grown a beastly spike.
Your life essence is reduced to manifest your ancestor. (-10% HP)
You cannot wear most types of armour.
You are amphibious.
You can wear up to eight rings at the same time.
Your skin changes colour to match your surroundings (Stealth+).
Your rubbery body absorbs attacks. (AC +1, EV +1)
((You are camouflaged when in or above water. (Stealth+)))
You have tentacles for arms and can constrict up to eight enemies at once.
You have very sharp teeth.
You are partially covered in iridescent scales. (AC +2)
Your mind is acute. (Int +2)


Message History

(Press . to intensify the flame waves.) Ur-Dumizida hits Duvessa but does no damage.
Dowan completely misses you.
Duvessa zaps a wand.
The puff of flame hits you! The fire burns you terribly!
A wave of flame ripples out!
Ur-Dumizida avoids your attack.
The flame wave engulfs Dowan!
You kill Dowan!
Duvessa screams in rage.
Duvessa goes berserk!
The flame wave engulfs Duvessa!
Duvessa is heavily wounded.
Duvessa hits you with a +0 short sword!
* * * LOW HITPOINT WARNING * * *
Ur-Dumizida barely misses Duvessa.
Without enough magic to sustain them, the waves of flame dissipate.
Duvessa misses you.
Ur-Dumizida hits Duvessa but does no damage.
Duvessa hits Ur-Dumizida with a +0 short sword!
Duvessa hits Ur-Dumizida with a +0 short sword.
Ur-Dumizida closely misses Duvessa.
Okay, then.
You fade into invisibility!
Duvessa hits Ur-Dumizida with a +0 short sword!
Ur-Dumizida barely misses Duvessa.
Duvessa hits Ur-Dumizida with a +0 short sword!
Ur-Dumizida is destroyed!
Duvessa rages.
Casting: Flame Wave (dangerous; 4% risk of failure)
Confirm with . or Enter, or press ? or * to list all spells.
You conjure some foxfire!
Duvessa shouts!
You hear a shout!
Casting: Foxfire (safe; 1% risk of failure)
Confirm with . or Enter, or press ? or * to list all spells.
You don't have enough magic to cast this spell.
You hear a shout!
Casting: Foxfire (safe; 1% risk of failure)
Confirm with . or Enter, or press ? or * to list all spells.
One of your tentacles grows a vicious spike.
Duvessa hits you with a +0 short sword!
You die...

...... #.......[....#
...... #.........v..#
..... +...[.....v..#
.....#####............#
#.........###+###....
#.........# ....
#.........# ...
#....e....#
#...@.....#####
##........#..<######
#........#........#
.....#
#........#........#
.....#
#........'........#
.....#
#........#...#######
.....#
#.....####...#.....#
.....#
+.....#......#.....#
..##.####
#.....#......#.....#


You could see Duvessa (berserk).

Vanquished Creatures
  Pikel (D:7)
  4 yaks (D:6)
  2 water moccasins
  2 ice beasts
  A sky beast (D:5)
  A black bear (D:6)
  3 ogres
  A centaur (D:5)
  A lemure (D:7)
  2 scorpions (D:5)
  Dowan (D:7)
  2 hounds
  An orc priest (D:6)
  A bullfrog zombie (D:6)
  Jessica (D:3)
  2 centaur skeletons
  3 iguanas
  Terence (D:3)
  An orc wizard (D:6)
  A killer bee zombie (D:5)
  2 howler monkey skeletons (D:4)
  7 adders
  A white imp (D:6)
  3 ufetubi
  A worm (D:3)
  3 dart slugs
  17 orcs
  6 endoplasms
  4 giant cockroaches
  8 goblins
  6 jackals
  10 kobolds
  10 quokkas
  4 ball pythons (D:1)
  10 bats
  7 frilled lizards
  4 rats
135 creatures vanquished.

Vanquished Creatures (collateral kills)
  An orc (D:7)
1 creature vanquished.

Vanquished Creatures (others)
  2 ancestors (D:7)
  8 foxfires
10 creatures vanquished.

Grand Total: 146 creatures vanquished

Notes
Turn   | Place    | Note
-------+----------+-------------------------------------------
     0 | D:1      | croobank the Octopode Transmuter began the quest for the
                  | Orb.
     0 | D:1      | Reached XP level 1. HP: 13/13 MP: 3/3
   159 | D:1      | Reached XP level 2. HP: 6/18 MP: 1/5
   360 | D:1      | Learned a level 2 spell: Wereblood
   654 | D:1      | Reached XP level 3. HP: 15/23 MP: 4/6
   955 | D:1      | You fall into a shaft and drop 1 floor!
  1993 | D:2      | Reached XP level 4. HP: 29/29 MP: 5/7
  1999 | D:2      | Identified the +7 whip of the Unstoppable Mice {vorpal, rF-
                  | rCorr Int+2}
  2006 | D:2      | Learned a level 4 spell: Ice Form
  2412 | D:3      | Noticed Terence
  2420 | D:3      | Killed Terence
  2469 | D:3      | Noticed Jessica
  2477 | D:3      | Killed Jessica
  2478 | D:3      | Reached skill level 1 in Ice Magic
  2478 | D:3      | Reached XP level 5. HP: 17/34 MP: 4/8
  2707 | D:3      | Found a glowing drain.
  2716 | Sewer    | Entered a sewer
  2812 | Sewer    | Noticed a water moccasin
  2815 | Sewer    | Learned a level 1 spell: Foxfire
  2825 | Sewer    | Killed a water moccasin
  2826 | Sewer    | Reached skill level 1 in Maces & Flails
  2826 | Sewer    | Reached XP level 6. HP: 18/40 MP: 4/10
  3448 | D:4      | Noticed GamerJuice's ghost (amateur HOFi)
  3468 | D:4      | Found a one-way gate to the infinite horrors of the Abyss.
  3484 | D:4      | Found a stormy altar of Qazlal.
  3486 | D:4      | Found Denuvo's Armour Shop.
  3772 | D:4      | Noticed a small abomination
  3832 | D:4      | Reached XP level 7. HP: 27/45 MP: 6/11
  4002 | D:4      | Found Afuxkueg's Book Emporium.
  4088 | D:4      | Found a transporter.
  4093 | D:4      | Found a transporter.
  4145 | D:4      | Found Siuga's Book Boutique.
  4208 | D:5      | Entered Level 5 of the Dungeon
  4503 | D:5      | Found Ohock's Magic Scroll Boutique.
  4511 | D:5      | Bought a scroll of blinking for 112 gold pieces
  4520 | D:5      | Found Veromaf's Jewellery Boutique.
  4561 | D:5      | Learned a level 4 spell: Flame Wave
  4572 | D:5      | Reached skill level 1 in Fire Magic
  4672 | D:5      | Found Tanudipp's Antique Armour Shop.
  4714 | D:5      | Reached skill level 2 in Fire Magic
  4871 | D:5      | Found Miegh's Weapon Emporium.
  4899 | D:5      | Reached skill level 3 in Fire Magic
  4899 | D:5      | Reached XP level 8. HP: 26/52 MP: 3/13
  5093 | D:5      | Reached skill level 4 in Fire Magic
  5611 | D:6      | Gained mutation: You have very sharp teeth. [potion of
                  | mutation]
  5611 | D:6      | Gained mutation: You are partially covered in iridescent
                  | scales. (AC +2) [potion of mutation]
  5611 | D:6      | Gained mutation: Your mind is acute. (Int +2) [potion of
                  | mutation]
  5652 | D:6      | Noticed a yak
  5671 | D:6      | Reached skill level 5 in Fire Magic
  5673 | D:6      | Found a staircase to the Ecumenical Temple.
  5681 | Temple   | Entered the Ecumenical Temple
  5893 | Temple   | Became a worshipper of Hepliaklqana the Forgotten
  6103 | D:6      | Noticed a yak
  6322 | D:6      | Reached skill level 6 in Fire Magic
  6379 | D:6      | Found a sacrificial altar of Ru.
  6379 | D:6      | Found a shadowy altar of Dithmenos.
  6386 | D:6      | Found a white marble altar of Elyvilon.
  6388 | D:6      | Found a broken altar of Ashenzari.
  6669 | D:6      | Found a shimmering blue altar of Sif Muna.
  6674 | D:6      | Found a glowing silver altar of Zin.
  6818 | D:6      | Noticed a yak
  6819 | D:6      | Noticed a yak
  6870 | D:6      | Killed a yak
  6871 | D:6      | Reached skill level 7 in Fire Magic
  6875 | D:6      | Killed a yak
  6876 | D:6      | Reached skill level 8 in Fire Magic
  6876 | D:6      | Reached XP level 9. HP: 36/56 MP: 7/14
  7055 | D:6      | Learned a level 2 spell: Poisonous Vapours
  7243 | D:7      | Reached skill level 9 in Fire Magic
  7243 | D:7      | Reached * piety under Hepliaklqana
  7351 | D:7      | Noticed Pikel
  7730 | D:7      | Killed Pikel
  7731 | D:7      | Reached skill level 10 in Fire Magic
  8016 | D:7      | Noticed a two-headed ogre
  8074 | D:7      | Noticed Duvessa
  8074 | D:7      | Noticed Dowan
  8081 | D:7      | Killed Dowan
  8097 | D:7      | Slain by Duvessa

Illustrated notes

Levels and vault maps discovered:
D:1:      pf_arrival_petrified_forest, layout_basic
D:2:      layout_loops_ring, nicolae_underground_beach
D:3:      layout_basic, cheibrodos_sewer_entry_bend, uniq_jessica, uniq_terence
D:4:      layout_cave_pools, nicolae_qazlal_scattered_showers,
          gammafunk_ghost_abyssal_escape, serial_shops, nicolae_square_shop,
          nicolae_shop_behind_doors, nicolae_lakefront_shop
D:5:      layout_loops_ring, serial_shops, nicolae_take_the_stairs, shop, shop,
          nicolae_shop_stone
D:6:      layout_cave_pods, nicolae_overflow_hallway_of_the_gods,
          minmay_temple_entry_grid
D:7:      layout_gridville, grunt_livestock, uniq_menkaure, uniq_duvessa,
          uniq_pikel
Temple:   nicolae_temple_great_sept

Skill      XL: |  1  2  3  4  5  6  7  8  9 |
---------------+----------------------------+-----
Fighting       | 2 3 |  3.1
Ice Magic      | 1 2 3 |  3.5
Maces & Flails | 1 2 |  2.2
Dodging        | 3 |  3.6
Transmutations | 3 |  3.6
Spellcasting   | 3 |  3.3
Fire Magic     | 3 8 10 | 10.1
Unarmed Combat | |  3.4

Action                   |  1- 3 |  4- 6 |  7- 9 || total
-------------------------+-------+-------+-------++-------
Melee: Mace              |    71 |     1 |       ||    72
       Constrict         |    21 |    19 |    26 ||    66
       Tentacles         |    12 |    21 |    39 ||    72
       Kick              |    15 |     4 |    11 ||    30
       Unarmed           |     3 |       |       ||     3
       Punch             |     1 |     3 |     3 ||     7
       Whip              |       |    96 |   159 ||   255
       Bite              |       |       |    21 ||    21
 Fire: Arbalest          |       |     1 |       ||     1
 Cast: Beastly Appendage |    27 |    10 |     7 ||    44
       Wereblood         |     2 |     1 |     1 ||     4
       Foxfire           |       |     3 |     3 ||     6
       Flame Wave        |       |       |     1 ||     1
  Use: Scroll            |     4 |     8 |     6 ||    18
       Potion            |       |     2 |     5 ||     7
 Stab: Sleeping          |     3 |     2 |     4 ||     9
Armor: Skin              |    11 |     6 |    16 ||    33
Dodge: Dodged            |    53 |    64 |   111 ||   228
